 Dungeon Crawl Stone Soup version 0.19-a0-27-g415f530 (webtiles) character file.

18 M4edhros the Grave Robber (level 2, -2/17 HPs)
             Began as an Octopode Necromancer on May 1, 2016.
             Slain by an adder (3 damage)
             ... on level 3 of the Dungeon.
             The game lasted 00:01:02 (200 turns).

M4edhros the Grave Robber (Octopode Necromancer)     Turns: 200, Time: 00:01:03

Health: -2/17      AC:  1    Str:  7    XL:     2   Next: 70%
Magic:  1/5        EV: 12    Int: 17    God:
Gold:   29         SH:  0    Dex: 12    Spells: 1 memorised, 4 levels left

rFire  + . .     SeeInvis .       - Unarmed
rCold  . . .     Gourm    .     (no shield)
rNeg   . . .     Faith    .     (helmet restricted)
rPois  .         Spirit   .     (no amulet)
rElec  .         Dismiss  .     e - ring of wizardry
rCorr  .         Reflect  .     g - ring of protection from fire
SustAt .         Harm     .     (no ring)
MR     .....                    (no ring)
Stlth  +++.......               (no ring)
                                (no ring)
                                (no ring)
                                (no ring)

@: not resistant to hostile enchantments, fairly stealthy
A: almost no armour, amphibious, 8 rings, constrict 8, camouflage 1, gelatinous
body 1
a: no special abilities


You were on level 3 of the Dungeon.
You were not hungry.

You visited 1 branch of the dungeon, and saw 3 of its levels.

You collected 29 gold pieces.

Inventory:

Jewellery
 e - a ring of wizardry (left tentacle)
 g - a ring of protection from fire (right tentacle)
Scrolls
 h - a scroll of remove curse {unknown}
 i - a scroll of fear {unknown}
Potions
 c - a potion of invisibility {unknown}
 d - a potion of curing {unknown}
Books
 a - a book of Necromancy

   Spells                             Type                      Level
   a - Pain                           Necromancy                   1
   b - Animate Skeleton               Necromancy                   1
   c - Vampiric Draining              Necromancy                   3
   d - Regeneration                   Charms/Necromancy            3
   e - Animate Dead                   Necromancy                   4
   f - Control Undead                 Necromancy                   4
Comestibles
 b - a bread ration
 f - 2 chunks of flesh


   Skills:
 - Level 2.0 Dodging
 - Level 2.6 Stealth
 + Level 2.2 Unarmed Combat
 - Level 2.0 Spellcasting
 - Level 4.0 Necromancy


You had 4 spell levels left.
You knew the following spells:

 Your Spells              Type           Power        Failure   Level  Hunger
a - Pain                  Necr           ###.         1%          1    #......


Dungeon Overview and Level Annotations

Branches:
Dungeon (3/15)

Altars:
Okawaru


Innate Abilities, Weirdness & Mutations

You cannot wear most types of armour.
You are amphibious.
You can wear up to eight rings at the same time.
You can use your tentacles to constrict eight enemies at once.
Your skin changes colour to match your surroundings (Stealth).
Your rubbery body absorbs attacks (AC +1).


Message History

The adder convulses in agony!
Casting: Pain
Confirm with . or Enter, or press ? or * to list all spells.
Aiming: Pain
Press: ? - help, Shift-Dir - straight line, f/p - adder
Aim: an adder (moderately wounded, chance to defeat MR: 80%)
The adder convulses in agony!
Casting: Pain
Confirm with . or Enter, or press ? or * to list all spells.
Aiming: Pain
Press: ? - help, Shift-Dir - straight line, f/p - adder
Aim: an adder (moderately wounded, chance to defeat MR: 80%)
The adder convulses in agony!
Casting: Pain
Confirm with . or Enter, or press ? or * to list all spells.
Aiming: Pain
Press: ? - help, Shift-Dir - straight line, f/p - adder
Aim: an adder (heavily wounded, chance to defeat MR: 80%)
The adder barely resists.
The adder bites you.
You die...

..# ./. ..# #..
##.. ...
######.#########
...>..S@...?..%.
.......#)########
.......#........#
.......#.######.#
.......#.#
.......#.#
###.##.#.# #.
#.#<# ###


You could see an adder.

Vanquished Creatures
  An adder (D:2)
  2 bats
  A giant cockroach (D:1)
  2 hobgoblins (D:1)
  A goblin (D:2)
  A kobold (D:2)
  2 rats
10 creatures vanquished.

Notes
Turn   | Place    | Note
--------------------------------------------------------------
     0 | D:1      | M4edhros the Octopode Necromancer began the quest for the Orb.
     0 | D:1      | Reached XP level 1. HP: 11/11 MP: 3/3
    37 | D:1      | Reached skill level 1 in Unarmed Combat
    58 | D:2      | Reached XP level 2. HP: 4/17 MP: 0/5
   152 | D:2      | Found an iron altar of Okawaru.
   200 | D:3      | Slain by an adder

Vault maps used:
D:1:      saegor_arrival_simple_c
D:2:      okawaru_metal_pillars_1_2, overflow_temple_1_default,
          grunt_temple_overflow_open
D:3:      nicolae_dithmenos_through_a_glass_darkly, marbit_many_paths,
          first_bread, portal_sewer_entry_f, uniq_iyjb

Skill      XL: |  1 |
---------------+----+-----
Unarmed Combat | 2 |  2.2
Dodging        | |  2.0
Stealth        | |  2.6
Spellcasting   | |  2.0
Necromancy     | |  4.0

Action                   || total
-------------------------++-------
Melee: Unarmed           ||     8
       Constrict         ||     3
       Tentacles         ||     1
 Cast: Pain              ||    15
Armor: Skin              ||     2
Dodge: Dodged            ||     6
